General information
- name: BNet
- type: Ladder team game (AT/RT)
- host: Battle.net
- saver: PlayHardLetsWin
map: Deadlands
- players: 8
- length: 04:03
- speed: Fast
- version: 1.28 W3XP
- replay type: Public
» download(31 KB)
Players
team 1 (winner)
tunga5 (
blue | 70 APM | 273 actions | 03:52)
1 Warden
1 Fan of Knives
» actions
| Assign group hotkey | 7 | |
| Build / train | 21 | |
| Enter build submenu | 5 | |
| Enter hero's abilities submenu | 1 | |
| Right click | 83 | |
| Select / deselect | 38 | |
| Select group hotkey | 103 | |
| Use ability | 15 | |
273 total
» units
» buildings
| Moon Well | 3 | |
| Ancient of War | 1 | |
| Altar of Elders | 1 | |
| Tree of Ages | 2 | |
7 total
» build order
00:32 Moon Well
01:00 Ancient of War
01:04 Altar of Elders
01:18 Moon Well
02:39 Tree of Ages
02:39 Tree of Ages
03:27 Moon Well

»
MassiveAnalPlug (
purple | 29 APM | 119 actions | 04:02)
1 Beastmaster
1 Summon Quilbeast
» actions
| Assign group hotkey | 1 | |
| Basic commands | 13 | |
| Build / train | 17 | |
| Enter build submenu | 8 | |
| Enter hero's abilities submenu | 1 | |
| Right click | 35 | |
| Select / deselect | 37 | |
| Use ability | 7 | |
119 total
» units
» buildings
| Farm | 3 | |
| Barracks | 1 | |
| Altar of Kings | 1 | |
| Keep | 1 | |
| Lumber Mill | 1 | |
7 total
» build order
00:34 Farm
00:45 Barracks
01:13 Farm
01:40 Altar of Kings
02:15 Farm
03:30 Keep
03:36 Lumber Mill
PlayHardLetsWin (
yellow | 42 APM | 171 actions | 04:03)
1 Blood Mage
1 Flame Strike
» actions
| Assign group hotkey | 9 | |
| Basic commands | 3 | |
| Build / train | 20 | |
| Enter build submenu | 8 | |
| Enter hero's abilities submenu | 1 | |
| Right click | 46 | |
| Select / deselect | 68 | |
| Select group hotkey | 5 | |
| Use ability | 11 | |
171 total
» units
» buildings
| Altar of Kings | 1 | |
| Barracks | 1 | |
| Farm | 5 | |
| Scout Tower | 1 | |
| Arcane Tower | 1 | |
| Arcane Vault | 1 | |
10 total
» build order
01:36 Altar of Kings
01:38 Barracks
01:45 Farm
01:47 Farm
01:50 Farm
01:50 Farm
02:18 Scout Tower
02:29 Farm
03:17 Arcane Tower
03:51 Arcane Vault
analnoob (
orange | 77 APM | 310 actions | 04:02)
1 Archmage
1 Summon Water Elemental
» actions
| Assign group hotkey | 7 | |
| Basic commands | 8 | |
| Build / train | 18 | |
| Enter build submenu | 5 | |
| Enter hero's abilities submenu | 1 | |
| Right click | 206 | |
| Select / deselect | 36 | |
| Select group hotkey | 18 | |
| Use ability | 11 | |
310 total
» units
» buildings
| Altar of Kings | 1 | |
| Farm | 2 | |
| Barracks | 1 | |
| Arcane Vault | 1 | |
5 total
» build order
00:21 Altar of Kings
00:25 Farm
00:46 Barracks
01:06 Farm
03:41 Arcane Vault
team 2 (loser)
Bruh (
pink | 18 APM | 50 actions | 02:48)
» actions
| Build / train | 10 | |
| Enter build submenu | 3 | |
| Right click | 19 | |
| Select / deselect | 15 | |
| Use ability | 3 | |
50 total
» units
» buildings
| Orc Burrow | 1 | |
| Altar of Storms | 1 | |
| War Mill | 1 | |
| Stronghold | 1 | |
4 total
» build order
00:11 Orc Burrow
00:51 Altar of Storms
01:32 War Mill
02:19 Stronghold
Thir7ySev3n (
green | 14 APM | 50 actions | 03:30)
» actions
| Build / train | 10 | |
| Enter build submenu | 6 | |
| Right click | 11 | |
| Select / deselect | 16 | |
| Use ability | 7 | |
50 total
» units
» buildings
| Altar of Kings | 1 | |
| Barracks | 1 | |
| Farm | 4 | |
| Lumber Mill | 1 | |
7 total
» build order
00:07 Altar of Kings
00:10 Barracks
00:13 Farm
00:56 Farm
01:45 Lumber Mill
02:31 Farm
02:32 Farm
IRONPOOP (
teal | 32 APM | 126 actions | 03:52)
1 Paladin
1 Divine Shield
» actions
| Basic commands | 4 | |
| Build / train | 18 | |
| Enter build submenu | 9 | |
| Enter hero's abilities submenu | 1 | |
| Right click | 48 | |
| Select / deselect | 29 | |
| Use ability | 17 | |
126 total
» units
» buildings
| Farm | 7 | |
| Altar of Kings | 1 | |
| Lumber Mill | 1 | |
| Scout Tower | 6 | |
15 total
» build order
00:23 Farm
00:38 Altar of Kings
00:44 Farm
00:45 Farm
01:06 Lumber Mill
02:22 Farm
02:26 Farm
02:28 Farm
02:31 Farm
02:41 Scout Tower
02:42 Scout Tower
02:43 Scout Tower
02:44 Scout Tower
02:46 Scout Tower
02:54 Scout Tower

»
SwampDrainer (
red | 38 APM | 152 actions | 04:02)
1 Demon Hunter
1 Mana Burn
» actions
| Assign group hotkey | 4 | |
| Basic commands | 11 | |
| Build / train | 14 | |
| ESC pressed | 5 | |
| Enter build submenu | 4 | |
| Enter hero's abilities submenu | 1 | |
| Right click | 57 | |
| Select / deselect | 42 | |
| Select group hotkey | 2 | |
| Use ability | 12 | |
152 total
» units
» buildings
| Altar of Elders | 1 | |
| Moon Well | 2 | |
| Tree of Ages | 2 | |
| Ancient of Wonders | 1 | |
6 total
» build order
00:12 Altar of Elders
00:25 Moon Well
01:52 Tree of Ages
01:52 Tree of Ages
02:02 Moon Well
03:07 Ancient of Wonders
Chat log
(00:13 / All) analnoob: leave lagger
(00:18 / All) Bruh: stfu
(00:22 / All) Bruh: virus scanning nigga
(00:27 / All) analnoob: leave
(00:28 / All) MassiveAnalPlug: you wont be noob after im done with you
(00:38 / All) Bruh: lel
(01:08 / All) Bruh: yall remember that episode of ed edd n eddy where the retarded dude got a rock in his shoe
(01:11 / All) Bruh: an kevin fucking
(01:18 / All) Bruh: bounced a fucking baseball off his head LMAO
(01:33 / All) PlayHardLetsWin: I remember I watched it while sucking on ur mom's titty
(01:37 / All) Bruh: my bad i am hghaf rn
(01:45 / All) Bruh: stfu yellow
(01:47 / All) MassiveAnalPlug: fuck you bitch
(01:53 / All) Bruh: i smoke more weed than you breath air nigga
(01:57 / All) MassiveAnalPlug: dont talk to my dog like that
(02:01 / All) MassiveAnalPlug: your tone is all wrong
(02:04 / All) Bruh: fucc yo dogg my nigga
(02:16 / All) Bruh: if u pissed off then do something about nigga
(02:18 / All) Bruh: take off hoe
(02:23 / All) Bruh: feel froggy n jump
(02:28 / All) Bruh: yeah
(02:30 / All) analnoob: what a nunch of noob kids
(02:31 / All) Bruh: that;s what u do
(02:31 / All) MassiveAnalPlug: ribbit
(02:47 / All) Bruh: gg ally tking me
(02:58 / All) MassiveAnalPlug: lol
(03:00 / All) MassiveAnalPlug: why
(03:06 / All) Thir7ySev3n: swampdrainer is an idiot
(03:10 / All) Thir7ySev3n: he does it every game
(03:15 / All) PlayHardLetsWin: DRAIN THE SWAMP
(03:23 / All) Thir7ySev3n: if you get him on your team, destory him immediately
(03:30 / All) analnoob: OK
(03:34 / All) analnoob: i will remmeb
(03:35 / All) PlayHardLetsWin: fuck u antifa
(03:59 / All) SwampDrainer: gg wp